 Dungeon Crawl Stone Soup version 0.30.0 (webtiles) character file.

Game seed: 1097682709128193580

240 Brutalitops the Cutter (level 5, -7/38 HPs)
             Began as a Vampire Gladiator on May 6, 2023.
             Was a Believer of Sif Muna.
             Mangled by an ogre
             ... wielding a +0 giant spiked club
              (20 damage)
             ... on level 4 of the Dungeon.
             The game lasted 00:12:26 (3375 turns).

Brutalitops the Cutter (Vampire Gladiator)          Turns: 3375, Time: 00:12:27

Health: -7/38      AC:  6    Str: 13    XL:     5   Next: 79%
Magic:  7/7        EV: 13    Int: 11    God:    Sif Muna [**....]
Gold:   105        SH:  0    Dex: 17    Spells: 6/7 levels left

rFire   . . .        a - +2 rapier
rCold   . . .        (no shield)
rNeg    . . .        b - +0 leather armour
rPois   .            c - +0 helmet
rElec   .            s - +0 cloak
rCorr   .            (no gloves)
SInv    +            r - +0 pair of boots
Will    .....        k - amulet of the acrobat
Stlth   ++           l - ring of flight
HPRegen 0.46/turn    (no ring)
MPRegen 0.10/turn

%: acrobat
@: flying, healing quickly
A: alive, fangs 3, see invisible, vampiric 2
a: Exsanguinate, Renounce Religion, Channel Magic


You were on level 4 of the Dungeon.
You worshipped Sif Muna.
Sif Muna was pleased with you.
You visited 1 branch of the dungeon, and saw 4 of its levels.

You collected 205 gold pieces.
You spent 100 gold pieces at shops.

Inventory:

Hand Weapons
 a - a +2 rapier (weapon)
 h - a +0 dagger of speed
Missiles
 d - 2 throwing nets (quivered)
 e - 5 javelins
Armour
 b - a +0 leather armour (worn)
 c - a +0 helmet (worn)
 r - a +0 pair of boots (worn)
 s - a +0 cloak (worn)
Jewellery
 i - a ring of ice
 k - an amulet of the acrobat (around neck)
 l - a ring of flight (left hand)
Scrolls
 q - a scroll of vulnerability {unknown}
Potions
 f - 2 potions of mutation
 g - a potion of invisibility
 m - a potion of heal wounds {unknown}
 n - a potion of lignification
 o - 2 potions of curing
 p - a potion of flight {unknown}


   Skills:
 + Level 2.2 Fighting
 + Level 4.7 Short Blades
 + Level 1.9 Throwing
 + Level 1.0 Armour
 + Level 4.4 Dodging
 + Level 1.3 Stealth
 * Level 1.9 Spellcasting
 + Level 0.7 Conjurations


You had 6 spell levels left.
You knew the following spells:

 Your Spells              Type           Power      Damage    Failure   Level
a - Magic Dart            Conj           8%         1d3       26%         1

Your spell library contained the following spells:

 Spells                   Type           Power      Damage    Failure   Level
 Searing Ray              Conj           4%         2d4       38%         2
 Hailstorm                Conj/Ice       1%         3d3       67%         3
 Fulminant Prism          Conj/Hex       0%         3d5       97%         4
 Ice Form                 Ice/Tmut       1%         N/A       98%         4
 Simulacrum               Ice/Necr       0%         N/A       100%        6


Dungeon Overview and Level Annotations

Branches:
Dungeon (4/15)
 Temple: D:4-7

Altars:
Sif Muna
Uskayaw
Vehumet
Wu Jian
Yredelemnul

Shops:
D:2 ((?


Innate Abilities, Weirdness & Mutations

Your natural rate of healing is accelerated.
You have razor-sharp teeth.
You have supernaturally acute eyesight. (SInv)
You are afflicted with vampirism and can become a bat while bloodless.


Message History

Your magical contamination has completely faded away.
You feel sick.
You feel sick.
You are no longer poisoned.
You see here a +0 club.
An orc wizard is nearby!
The orc wizard shouts!
You hear a shout!
The orc wizard shouts!
You hear a shout!
An ogre comes into view. It is wielding a +0 giant spiked club.
The ogre shouts!
The orc wizard casts a spell at you. The puff of flame hits you!
As you read the scroll of teleportation, it crumbles to dust.
You feel strangely unstable. The ogre attacks as you move away!
The ogre hits you with a +0 giant spiked club!
The ogre attacks as you move away! The ogre misses you.
The orc wizard casts a spell.
The orc wizard flickers and vanishes for a moment.
Your surroundings suddenly seem different.
An ogre is nearby!
Throw: 3 throwing nets
Press: ? - help, Q - select action, (/) - cycle Shift-Dir - straight line, f - ogre
Aim: an ogre, wielding a +0 giant spiked club (75% to hit)
You throw a throwing net.
The throwing net barely misses the ogre.
You puncture the ogre!
The ogre is moderately wounded.
The ogre hits you with a +0 giant spiked club.
You hit the ogre.
The ogre is heavily wounded.
The ogre hits you with a +0 giant spiked club!!
Ouch! That really hurt!
You barely miss the ogre. You bite the ogre.
The ogre is severely wounded.
You hit the ogre.
The ogre is almost dead.
The ogre hits you with a +0 giant spiked club!!
Ouch! That really hurt!
You die...

...##..................#
...........#.(......#
#........#........#
.######..#### #.......##
........### #...#######
..........### #....###..#
######.#....###.........#
#####...##.O.......# #
####......###.@##...### #
#..........###..#..###
###...#......###.......#
.....###......#......###
..#### ##...........#####
..# #......#....#...##
..###
###.....##.........#
....#
#....##.†........###
....# #..#####†#.#.#...##


You could see an ogre.

Vanquished Creatures
  A hound (D:4)
  An orc priest (D:3)
  An iguana (D:4)
  An orc wizard (D:4)
  2 gnolls (D:3)
  4 adders
  An ufetubus (D:4)
  2 worms
  2 dart slugs
  6 orcs
  5 bats
  6 endoplasms
  3 giant cockroaches
  A goblin (D:4)
  6 hobgoblins
  A kobold (D:1)
  6 quokkas (D:3)
  7 ball pythons
  3 rats (D:3)
59 creatures vanquished.

Vanquished Creatures (others)
  36 plants (D:3)
36 creatures vanquished.

Grand Total: 95 creatures vanquished

Notes
Turn   | Place    | Note
-------+----------+-------------------------------------------
     0 | D:1      | Brutalitops the Vampire Gladiator began the quest for the
                  | Orb.
     0 | D:1      | Reached XP level 1. HP: 16/16 MP: 1/1
   103 | D:1      | Reached XP level 2. HP: 22/22 MP: 2/2
   665 | D:1      | Learned a level 1 spell: Magic Dart
   763 | D:2      | Found Wulefub's Magic Scroll Shop.
   979 | D:2      | Found Joosibao's Weapon Shop.
   991 | D:2      | Gained mutation: You are afflicted with vampirism and can
                  | become a bat while bloodless. [Vampire growth]
   991 | D:2      | Reached XP level 3. HP: 27/27 MP: 3/3
  1079 | D:2      | Found a faded altar of an unknown god.
  1084 | D:2      | Prayed at the altar of an unknown god.
  1084 | D:2      | Became a worshipper of Sif Muna the Loreminder
  1084 | D:2      | Reached * piety under Sif Muna
  1132 | D:2      | Found Kunauroq's Antique Weapon Shoppe.
  1430 | D:3      | Reached XP level 4. HP: 33/33 MP: 2/4
  1545 | D:2      | Bought a runed dagger for 100 gold pieces
  1941 | D:3      | Reached ** piety under Sif Muna
  1946 | D:3      | Reached skill level 1 in Stealth
  2110 | D:3      | Reached skill level 1 in Spellcasting
  2561 | D:4      | Reached XP level 5. HP: 38/38 MP: 6/6
  2909 | D:4      | Found an ornate altar of the Wu Jian Council.
  2914 | D:4      | Found a basalt altar of Yredelemnul.
  2914 | D:4      | Found a radiant altar of Vehumet.
  2915 | D:4      | Found a hide-covered altar of Uskayaw.
  3080 | D:4      | Reached skill level 1 in Armour
  3346 | D:4      | Noticed an ogre
  3375 | D:4      | Mangled by an ogre

Illustrated notes

Levels and vault maps discovered:
D:1:      psy_arrival_basics, layout_basic, chequers_decorated_corner
D:2:      layout_rooms, shapermc_ecumenical_altar_petra, serial_shops, shop,
          shop, shop
D:3:      wad_woods_tower, layout_loops_ring
D:4:      layout_cave_pools, grunt_temple_overflow_open

Skill      XL: |  1  2  3  4  5 |
---------------+----------------+-----
Dodging        | 4 |  4.4
Short Blades   | 4 |  4.7
Fighting       | 2 |  2.2
Stealth        | 1 |  1.3
Spellcasting   | 1 |  1.9
Armour         | 1 |  1.0
Throwing       | |  1.9
Conjurations   | |  0.7

Action                     |  1- 3 |  4- 6 || total
---------------------------+-------+-------++-------
  Melee: Rapier            |    73 |   107 ||   180
         Bite              |     3 |    14 ||    17
         Punch             |     2 |     1 ||     3
  Throw: Throwing net      |       |     1 ||     1
   Cast: Magic Dart        |     3 |    30 ||    33
    Use: Scroll            |     7 |     6 ||    13
         Potion            |       |     1 ||     1
   Stab: Sleeping          |     1 |     5 ||     6
 Armour: Leather armour    |    23 |    20 ||    43
         Skin              |       |     4 ||     4
  Dodge: Dodged            |    37 |    62 ||    99
